 Dungeon Crawl Stone Soup version 0.28.0-49-g6dfe1f597d (console) character file.

Game seed: 11032791328278825482

30770 Banquo the Thaumaturge (level 13, -18/93 HPs)
             Began as a Djinni Conjurer on May 10, 2022.
             Was a High Priest of Fedhas.
             Killed by an exploding fulminant prism (42 damage)
             ... on level 4 of the Lair of Beasts on May 12, 2022.
             The game lasted 01:45:17 (22083 turns).

Banquo the Thaumaturge (Djinni Conjurer)           Turns: 22083, Time: 01:45:22

Health: -18/93     AC: 14    Str:  6    XL:     13   Next: 91%
Gold:   983        EV: 17    Int: 23    God:    Fedhas [*****.] SH: 13 Dex: 20

rFire   + . .      SeeInvis .   O - +9 trident {vamp, Fragile rElec Dex+6}
rCold   + . .      Faith    .   i - +2 buckler
rNeg    . . .      Spirit   .   T - +1 robe {rC+}
rPois   ∞          Reflect  +   h - +0 helmet
rElec   +          Harm     .   e - +2 cloak {Will+}
rCorr   .          Rampage  .   g - +1 pair of gloves
Will    ++...                   (boots unavailable)
Stlth   ++........              V - amulet of reflection
HPRegen 0.25/turn               C - ring of ice
MPRegen 0.00/turn               A - +4 ring of protection

@: flying
A: sickness immunity, fire resistance 2, cold vulnerability 1, float, innate
caster, HP casting, extra vitality 1
a: Renounce Religion, Wall of Briars, Grow Ballistomycete, Overgrow, Grow Oklob


You were on level 4 of the Lair of Beasts.
You worshipped Fedhas.
Fedhas was extremely pleased with you.
You visited 2 branches of the dungeon, and saw 15 of its levels.
You also visited: Volcano.

You collected 983 gold pieces.

Inventory:

Hand Weapons
 a - the +5 trident "Xuryiz" {vorpal, Str+6 Stlth-}
   (You took it off a kobold demonologist on level 11 of the Dungeon)

   It inflicts extra damage upon your enemies.
   Str:       It affects your strength (+6).
   Stlth:     It makes you less stealthy.
 b - a +2 whip of electrocution
 O - the +9 trident "Seng" (weapon) {vamp, Fragile rElec Dex+6}
   (You found it on level 3 of the Lair of Beasts)

   It occasionally heals its wielder for a portion of the damage dealt when it
   wounds a living foe.
   Dex:       It affects your dexterity (+6).
   rElec:     It insulates you from electricity.
   Fragile:   It will be destroyed if unequipped.
Missiles
 m - 28 poisoned darts
 w - a throwing net
 F - 2 boomerangs
Armour
 d - the +1 ring mail of Zysm {+Blink SInv}
   (You found it on level 5 of the Dungeon)

   SInv:      It lets you see invisible.
   +Blink:    It lets you blink.
 e - a +2 cloak of willpower (worn)
 g - a +1 pair of gloves (worn)
 h - a +0 helmet (worn)
 i - a +2 buckler (worn)
 K - a +3 leather armour of fire resistance
 T - a +1 robe of cold resistance (worn)
Jewellery
 c - a +6 ring of intelligence
 f - a ring of willpower
 s - a ring of positive energy
 A - a +4 ring of protection (right hand)
 C - a ring of ice (left hand)
 E - a ring of resist corrosion
 Q - a ring of ice
 S - a ring of see invisible
 V - an amulet of reflection (around neck)
 W - a ring of wizardry
Wands
 o - a wand of flame (4)
 D - a wand of digging (7)
 L - a wand of iceblast (10)
Scrolls
 l - a scroll of summoning
 r - 4 scrolls of identify
 v - 3 scrolls of blinking
 G - 4 scrolls of teleportation
 U - a scroll of holy word
 X - a scroll of fog
Potions
 j - 4 potions of curing
 k - a potion of berserk rage
 t - 3 potions of might
 u - a potion of lignification
 z - 2 potions of brilliance
 J - 3 potions of heal wounds
 M - 4 potions of haste
Miscellaneous
 x - a phial of floods


   Skills:
 * Level 8.5 Fighting
 * Level 1.5 Polearms
 - Level 7.4 Armour
 - Level 8.0 Dodging
 - Level 1.5 Stealth
 * Level 5.0 Shields
 + Level 12.6 Spellcasting
 * Level 8.3 Invocations


You had 3 spell levels left.
You knew the following spells:

 Your Spells              Type           Power      Damage    Failure   Level
a - Magic Dart            Conj           100%       1d8       1%          1
b - Static Discharge      Conj/Air       64%        N/A       1%          2
c - Animate Dead          Necr           32%        N/A       1%          4
d - Dazzling Flash        Conj/Hex       100%       N/A       1%          3
e - Irradiate             Conj/Tmut      32%        3d24      1%          5
i - Ignite Poison         Fire/Tmut/Pois 64%        N/A       1%          3
m - Iskenderun's Mystic   Conj/Tloc      64%        2d13      1%          4
p - Fulminant Prism       Conj/Hex       32%        3d16      1%          4
r - Searing Ray           Conj           100%       2d8       1%          2
v - Borgnjor's Vile Clut  Necr/Erth      32%        N/A       1%          5
z - Sting                 Tmut/Pois      100%       1d8       1%          1
Your spell library was empty.

Dungeon Overview and Level Annotations

Branches:
Dungeon (11/15)            Temple (0/1) D:6            Lair (4/6) D:11
    Orc (0/2) D:10        Volcano (visited)
  Swamp: Lair:2-4    Shoals: Lair:2-4     Snake: Lair:2-4    Spider: Lair:2-4

Altars:
Ashenzari
Cheibriados
Elyvilon
Fedhas
Gozag
Makhleb
Okawaru
Ru
Sif Muna
Vehumet
Xom
Yredelemnul
The Shining One

Shops:
D:9 (   D:11 [

Annotations:
D:2 1 runed translucent door, Crazy Yiuf
D:6 1 runed translucent door, Peloso's ghost, novice MiFi
D:7 Beetlw


Innate Abilities, Weirdness & Mutations

You are immune to sickness and miasma.
You are immune to poison.
Your flesh is very heat resistant. (rF++)
You are vulnerable to cold. (rC-)
You float through the air rather than walking.
You learn spells naturally, not from books.
Your magical power is your life essence.
You have superior vitality. (+4 MHP)


Message History

The zombie hands constrict the elephant!
You kill the elephant!
Fedhas appreciates your contribution to the ecosystem.
The zombie hands constrict the elephant!
The elephant struggles to escape constriction. x2
Your fulminant prism explodes!
The blast of energy engulfs the elephant.
The elephant is moderately wounded.
The blast of energy engulfs the elephant!!!
You kill the elephant!
Fedhas appreciates your contribution to the ecosystem.
The blast of energy engulfs the elephant!
The elephant is severely wounded.
You hear an angry hiss.
Your Shields skill increases to level 5!
Casting: Borgnjor's Vile Clutch (dangerous; 1% risk of failure)
Confirm with . or Enter, or press ? or * to list all spells.
Aiming: Fulminant Prism (safe; 1% risk of failure)
Press: ? - help, Dir - move target, p - elephant You conjure a prism of explosive energy!
* * * LOW HITPOINT WARNING * * *
A fulminant prism comes into view.
The zombie hands constrict the elephant!
The zombie hands constrict the elephant.
The elephant struggles to escape constriction. x2
Unknown command.
The zombie hands constrict the elephant! x2
You kill the elephant!
Fedhas appreciates your contribution to the ecosystem.
The elephant struggles to escape constriction.
Your fulminant prism crackles loudly.
You hear the loud beating of a very distant drum.
The zombie hands constrict the elephant!
The elephant struggles to escape constriction.
Your fulminant prism explodes!
The blast of energy engulfs the elephant!!
The elephant is almost dead.
The blast of energy engulfs you!!!
You die...
Fedhas appreciates your contribution to the ecosystem.

######
......######
......P....###
.............#.
...............
.....Y.@......#
..............#
..............P
...............
...............
..........$....
...............
...............


You could see an elephant (clutched).

Vanquished Creatures
  A red draconian (Volcano)
  Fannar (Lair:3)
  An ogre mage (Volcano)
  A boulder beetle (Lair:3)
  5 hydras
  Erica (D:8)
  A catoblepas (Lair:3)
  8 two-headed ogres
  Pikel (D:4)
  An ugly thing (D:11)
  4 elephants (Lair:4)
  Maurice (D:9)
  5 black mambas
  3 cane toads
  2 centaur zombies (D:11)
  2 gargoyles (D:10)
  2 kobold demonologists
  3 komodo dragons
  A polar bear (Lair:3)
  2 trolls (D:11)
  6 blink frogs
  A vampire (D:9)
  13 yaks
  4 shadows
  A wraith (D:11)
  3 wyverns
  3 vampire mosquitoes (D:10)
  Menkaure (D:7)
  Edmund (D:4)
  A two-headed ogre zombie (D:10)
  An acid dragon (D:9)
  Duvessa (D:4)
  8 water moccasins
  An ice beast (D:5)
  3 orc warriors
  A black bear (D:11)
  5 necrophages
  2 ogres
  4 centaurs
  11 wolves (Lair:2)
  A phantom (D:10)
  2 lemures (D:4)
  14 bullfrogs
  2 kobold brigands
  A gnoll sergeant (D:11)
  A wyvern skeleton (D:7)
  A scorpion (D:11)
  Dowan (D:4)
  2 troll zombies (D:10)
  5 killer bees (D:10)
  An electric eel (Lair:3)
  3 bullfrog zombies
  2 howler monkeys
  2 hounds
  A jelly (D:5)
  5 orc priests
  2 gnoll shamans (D:4)
  A bullfrog skeleton (D:7)
  An iguana (D:6)
  4 orc wizards
  5 ogre zombies (D:10)
  A howler monkey zombie (D:8)
  4 adders
  15 gnolls
  An adder skeleton (D:4)
  3 worms
  3 dart slugs
  20 orcs
  A ball python (D:2)
  8 endoplasms
  3 giant cockroaches
  5 goblins
  7 hobgoblins
  3 jackals
  2 quokkas
  2 bats
  A frilled lizard (D:2)
  2 goblin skeletons (D:10)
  A goblin zombie (D:10)
  A hobgoblin skeleton (D:10)
  2 hobgoblin zombies (D:10)
  21 kobolds
  3 orc skeletons (D:10)
  16 orc zombies (D:10)
  4 rats
  A ballistomycete spore (Volcano)
  4 fulminant prisms (Volcano)
308 creatures vanquished.

Vanquished Creatures (collateral kills)
  A blink frog (Lair:1)
  An orc warrior (D:6)
  10 ballistomycete spores
12 creatures vanquished.

Vanquished Creatures (others)
  2 ballistomycete spores (Volcano)
  A bush (Lair:3)
  187 fulminant prisms
  10 fungi
  51 plants
251 creatures vanquished.

Grand Total: 571 creatures vanquished

Notes
Turn   | Place    | Note
-------+----------+-------------------------------------------
     0 | D:1      | Banquo the Djinni Conjurer began the quest for the Orb.
     0 | D:1      | Reached XP level 1. HP: 15/15 MP: 0/0
   209 | D:1      | Found a faded altar of an unknown god.
   381 | D:1      | Reached XP level 2. HP: 12/21 MP: 0/0
  1501 | D:2      | Reached XP level 3. HP: 21/26 MP: 0/0
  1501 | D:2      | Learned a level 1 spell: Sting
  1908 | D:2      | Found a shimmering altar of Xom.
  1951 | D:2      | Found a runed translucent door.
  1952 | D:2      | Noticed Crazy Yiuf
  2184 | D:2      | Reached skill level 1 in Fighting
  2454 | D:3      | Reached skill level 4 in Spellcasting
  2454 | D:3      | Reached XP level 4. HP: 27/32 MP: 0/0
  3334 | D:3      | Found a blossoming altar of Fedhas.
  3340 | D:3      | Became a worshipper of Fedhas Madash
  3652 | D:3      | Noticed an ogre
  3655 | D:3      | Killed an ogre
  3656 | D:3      | Reached XP level 5. HP: 33/38 MP: 0/0
  3656 | D:3      | Learned a level 2 spell: Static Discharge
  3713 | D:4      | Noticed Dowan
  3872 | D:4      | Found a glowing golden altar of the Shining One.
  3877 | D:4      | Noticed a lemure
  3878 | D:4      | Noticed Pikel
  3879 | D:4      | Noticed a lemure
  3887 | D:4      | Killed a lemure
  3890 | D:4      | Killed Pikel
  3890 | D:4      | Killed a lemure
  3891 | D:4      | Reached skill level 5 in Spellcasting
  3891 | D:4      | Reached XP level 6. HP: 31/45 MP: 0/0
  3891 | D:4      | Reached XP level 7. HP: 34/49 MP: 0/0
  3891 | D:4      | Learned a level 3 spell: Ignite Poison
  4036 | D:4      | Noticed Edmund
  4052 | D:4      | Killed Edmund
  4053 | D:4      | Reached XP level 8. HP: 24/56 MP: 0/0
  4256 | D:4      | Noticed Duvessa
  4559 | D:4      | Reached skill level 6 in Spellcasting
  4681 | D:4      | Reached * piety under Fedhas
  4711 | D:4      | Found a broken altar of Ashenzari.
  5421 | D:4      | Found a snail-covered altar of Cheibriados.
  5491 | D:4      | Killed Duvessa
  5683 | D:4      | Killed Dowan
  5764 | D:5      | Entered Level 5 of the Dungeon
  6000 | D:5      | Identified the +1 ring mail of Zysm {+Blink SInv}
  6033 | D:5      | Reached XP level 9. HP: 55/62 MP: 0/0
  6033 | D:5      | Learned a level 4 spell: Animate Dead
  6123 | D:5      | Reached skill level 7 in Spellcasting
  6132 | D:5      | Reached skill level 1 in Armour
  6296 | D:5      | Reached skill level 5 in Dodging
  6743 | D:6      | Found an opulent altar of Gozag.
  6769 | D:6      | Found a runed translucent door.
  6775 | D:6      | Noticed Peloso's ghost (novice MiFi)
  7059 | D:6      | Found a sacrificial altar of Ru.
  7202 | D:6      | Found a staircase to the Ecumenical Temple.
  7632 | D:7      | Reached ** piety under Fedhas
  7980 | D:7      | Noticed Menkaure
  7992 | D:7      | Killed Menkaure
  8527 | D:7      | Found a basalt altar of Yredelemnul.
  8530 | D:7      | Found a white marble altar of Elyvilon.
  8841 | D:7      | Noticed a boulder beetle
  8914 | D:8      | Reached skill level 8 in Spellcasting
  9289 | D:8      | Reached XP level 10. HP: 63/69 MP: 0/0
  9353 | D:8      | Noticed Erica
  9359 | D:8      | Killed Erica
  9360 | D:8      | Reached skill level 5 in Fighting
  9907 | D:8      | Found an iron altar of Okawaru.
 10099 | D:7      | Reached *** piety under Fedhas
 10488 | D:9      | Identified the +0 leather armour of Kief {Fly MP+9 Stlth+}
 10540 | D:9      | Reached skill level 5 in Invocations
 10775 | D:9      | Noticed Maurice
 10787 | D:9      | Killed Maurice
 10788 | D:9      | Reached skill level 9 in Spellcasting
 11109 | D:9      | Noticed a kobold demonologist
 11112 | D:9      | Killed a kobold demonologist
 11135 | D:9      | Noticed a two-headed ogre
 11140 | D:9      | Killed a two-headed ogre
 11141 | D:9      | Reached XP level 11. HP: 64/76 MP: 0/0
 11141 | D:9      | Learned a level 5 spell: Irradiate
 11465 | D:9      | Found Rolooxax's Hydra Hut.
 11469 | D:9      | Noticed a six-headed hydra
 11882 | D:10     | Entered Level 10 of the Dungeon
 12518 | D:10     | Reached **** piety under Fedhas
 12844 | D:10     | Found a staircase to the Orcish Mines.
 13010 | D:10     | Reached skill level 10 in Spellcasting
 13165 | D:10     | Found a burning altar of Makhleb.
 13312 | D:10     | Noticed a two-headed ogre
 13324 | D:10     | Killed a two-headed ogre
 13792 | D:10     | Reached skill level 5 in Armour
 14253 | D:11     | Identified the +5 trident "Xuryiz" {vorpal, Str+6 Stlth-}
 14569 | D:11     | Noticed a cyan ugly thing
 14785 | D:11     | Reached XP level 12. HP: 68/84 MP: 0/0
 15031 | D:11     | Found Rinaud's Armour Shoppe.
 15171 | D:11     | Reached skill level 1 in Shields
 15235 | D:11     | Found a staircase to the Lair.
 15517 | Lair:1   | Entered Level 1 of the Lair of Beasts
 15553 | Lair:1   | Identified the +9 flail "Hakhisapn" {protect, Int-3 Dex+8}
 15571 | Lair:1   | Noticed an eight-headed hydra
 15574 | Lair:1   | Killed an eight-headed hydra
 15675 | Lair:1   | Found a dark tunnel.
 15896 | Volcano  | Entered a volcano
 15942 | Volcano  | Noticed an ogre mage
 15955 | Volcano  | Paralysed by an ogre mage for 4 turns
 15959 | Volcano  | Killed an ogre mage
 15960 | Volcano  | Reached skill level 11 in Spellcasting
 16008 | Volcano  | Noticed a red draconian
 16024 | Volcano  | Noticed a two-headed ogre
 16028 | Volcano  | Noticed a two-headed ogre
 16032 | Volcano  | Noticed a two-headed ogre
 16038 | Volcano  | Killed a two-headed ogre
 16042 | Volcano  | Killed a two-headed ogre
 16086 | Volcano  | Noticed a two-headed ogre
 16092 | Volcano  | Killed a two-headed ogre
 16104 | Volcano  | Killed a two-headed ogre
 16161 | Volcano  | Noticed a two-headed ogre
 16165 | Volcano  | Killed a two-headed ogre
 16198 | Volcano  | Killed a red draconian
 16347 | Volcano  | Noticed a two-headed ogre
 16353 | Volcano  | Killed a two-headed ogre
 17079 | Lair:1   | Reached XP level 13. HP: 45/91 MP: 0/0
 17079 | Lair:1   | Learned a level 5 spell: Borgnjor's Vile Clutch
 18113 | Lair:1   | Noticed a four-headed hydra
 18128 | Lair:1   | Killed a four-headed hydra
 18671 | Lair:2   | Noticed a four-headed hydra
 18680 | Lair:2   | Killed a four-headed hydra
 19355 | Lair:2   | Noticed an eight-headed hydra
 19362 | Lair:2   | Killed an eight-headed hydra
 20006 | Lair:3   | Reached skill level 12 in Spellcasting
 20010 | Lair:3   | Noticed Fannar
 20510 | Lair:3   | Identified the +9 trident "Seng" {vamp, Fragile rElec
                  | Dex+6}
 20571 | Lair:3   | Noticed a four-headed hydra
 20578 | Lair:3   | Killed a four-headed hydra
 20750 | Lair:3   | Killed Fannar
 21188 | Lair:3   | Noticed a boulder beetle
 21193 | Lair:3   | Killed a boulder beetle
 21286 | Lair:3   | Noticed a catoblepas
 21305 | Lair:3   | Killed a catoblepas
 21312 | Lair:3   | Reached skill level 1 in Polearms
 22007 | Lair:4   | Reached ***** piety under Fedhas
 22081 | Lair:4   | Reached skill level 5 in Shields
 22083 | Lair:4   | Killed by an exploding fulminant prism

Illustrated notes

Levels and vault maps discovered:
D:1:      nzn_arrival_depleted_hourglass, layout_basic,
          shapermc_ecumenical_altar_totnotflames
D:2:      minmay_wonky_spiral, layout_basic, basic_altar, minmay_vboxes,
          uniq_crazy_yiuf_cottage
D:3:      layout_loops_ring, fedhas_altar_4
D:4:      layout_loops_corners, mainiacjoe_overflow_six_doors_small,
          nicolae_ashenzari_skybound, tso_metal_star, hangedman_decor_riveting,
          uniq_duvessa, uniq_pikel, uniq_edmund
D:5:      layout_rooms
D:6:      layout_gridville, vehumet_crystals, nicolae_gozag_seed_capital,
          nicolae_ru_awakened_eye, lemuel_temple_firewalk_b,
          ebering_ghost_reflecting_pool
D:7:      layout_layer_cave, minitemple, minivault_14,
          minmay_misc_feat_enclosed, uniq_menkaure
D:8:      layout_gridville, okawaru_altar_gauntlet_db, uniq_erica
D:9:      layout_stronghold, doesnt_shop_hydraphobe, uniq_maurice
D:10:     layout_loops_ring, nicolae_overflow_crystal_walls, zombieorc2_lemuel,
          nicolae_straight_to_the_point
D:11:     layout_basic, grunt_lair_entry_orc_guard_hut, serial_shops, shop
Lair:1:   cheibrodos_lair_river_kwai, layout_layer_cave,
          nicolae_volcano_entry_hallway
Lair:2:   layout_cave_pods, lemuel_fruit_tree
Lair:3:   layout_small_grid, nicolae_lair_grazing_beasts
          [nicolae_sub_lair_graze_edge, nicolae_sub_lair_graze_edge,
          nicolae_sub_lair_graze_edge, nicolae_sub_lair_graze_edge],
          grunt_megastairs_2, uniq_fannar
Lair:4:   layout_cave_shapes, minmay_shoals_entry_centaurs,
          nicolae_spider_entry_tight_spaces, gauntlet_entry_generic,
          chequers_serial_rivers_small_a, kennysheep_snail_temple

Skill      XL: |  1  2  3  4  5  6  7  8  9 10 11 12 13 |
---------------+----------------------------------------+-----
Fighting       | 1 2 3 4 5 6 7 8 |  8.5
Spellcasting   | 4 5 6 8 9 10 11 12 | 12.6
Dodging        | 3 4 5 6 7 8 |  8.0
Invocations    | 2 3 4 5 6 7 8 |  8.3
Armour         | 2 4 5 6 7 |  7.4
Shields        | 3 5 |  5.0
Polearms       | 1 |  1.5
Stealth        | |  1.5

Action                   |  1- 3 |  4- 6 |  7- 9 | 10-12 | 13-15 || total
-------------------------+-------+-------+-------+-------+-------++-------
Melee: Whip              |       |       |     8 |     6 |       ||    14
       Punch             |       |       |       |     1 |       ||     1
       Trident           |       |       |       |       |     1 ||     1
 Cast: Magic Dart        |    57 |    19 |    63 |    47 |     3 ||   189
       Searing Ray       |     4 |    10 |    29 |    52 |     8 ||   103
       Sting             |       |     2 |     2 |       |       ||     4
       Fulminant Prism   |       |     4 |    46 |   103 |    38 ||   191
       Iskenderun's Myst |       |       |    13 |       |       ||    13
       Irradiate         |       |       |       |    20 |     2 ||    22
       Borgnjor's Vile C |       |       |       |       |    82 ||    82
Invok: Wall of Briars    |       |       |     1 |     4 |       ||     5
       Grow Ballistomyce |       |       |       |     4 |       ||     4
Evoke: Wand              |       |       |       |     1 |       ||     1
  Use: Scroll            |       |       |     3 |    16 |     1 ||    20
 Stab: Distracted        |       |       |       |     1 |       ||     1
Armor: Robe              |     2 |     1 |    12 |       |     2 ||    17
       Leather armour    |       |       |       |    19 |       ||    19
       Ring mail         |       |       |       |    25 |     8 ||    33
Dodge: Dodged            |     7 |     2 |    24 |    49 |     5 ||    87
Block: Buckler           |       |       |       |       |     6 ||     6
       Reflection        |       |       |       |       |     1 ||     1
